 Dungeon Crawl Stone Soup version 0.16.1-51-g6203257 (webtiles) character file.

56 Alarkh the Poker (level 3, -1/27 HPs)
             Began as a Mummy Skald on July 6, 2015.
             Killed by divine providence
             ... invoked by an orc priest
              (13 damage)
             ... on level 3 of the Dungeon.
             The game lasted 00:03:04 (2058 turns).

Alarkh the Poker (Mummy Skald)                      Turns: 2058, Time: 00:03:05

Health: -1/27      AC:  6    Str: 15    XL:     3   Next: 69%
Magic:  5/6        EV: 10    Int: 12    God:
Gold:   64         SH:  0    Dex: 11    Spells: 2 memorised, 3 levels left

rFire  x . .     SeeInvis .     a - +0 spear
rCold  + . .     Clarity  .     e - +0 ring mail
rNeg   + + +     SustAb   .     (no shield)
rPois  ∞         Gourm    .     (no helmet)
rElec  .         Spirit   .     (no cloak)
rCorr  .         Warding  .     g - +0 pair of gloves
rMut   .         Stasis   .     (no boots)
MR     .....                    (no amulet)
Stlth  +.........               (no ring)
                                (no ring)

@: infused, not resistant to hostile enchantments, very unstealthy
A: no food or potions, fire vulnerability, restore body, cold resistance 1,
negative energy resistance 3, poison resistance, torment resistance, unbreathing
a: no special abilities


You were on level 3 of the Dungeon.
You were not hungry.

You visited 1 branch of the dungeon, and saw 3 of its levels.

You collected 64 gold pieces.

Inventory:

Hand weapons
 a - a +0 spear (weapon)
Missiles
 f - 4 needles of paralysis
Armour
 b - a +0 leather armour
 e - a +0 ring mail (worn)
 g - a +0 pair of gloves (worn)
Jewellery
 h - an uncursed amulet of stasis
Scrolls
 d - a scroll of identify {unknown}
 i - a scroll of blinking {unknown}
Books
 c - a book of Battle

   Spells                             Type                      Level
   a - Infusion                       Charms                       1
   b - Shroud of Golubria             Charms/Translocation         2
   c - Song of Slaying                Charms                       2
   d - Spectral Weapon                Hexes/Charms                 3
   e - Regeneration                   Charms/Necromancy            3


   Skills:
 - Level 2.0 Fighting
 + Level 3.3 Polearms
 - Level 0.7 Armour
 - Level 0.7 Dodging
 - Level 2.0 Spellcasting
 - Level 2.4 Charms


You had 3 spell levels left.
You knew the following spells:

 Your Spells              Type           Power        Failure   Level  Hunger
a - Infusion              Chrm           #.....       24%         1    N/A
b - Shroud of Golubria    Chrm/Tloc      #.........   56%         2    N/A

Dungeon Overview and Level Annotations

Branches:
Dungeon (3/15)

Altars:
Gozag


Innate Abilities, Weirdness & Mutations

You do not eat or drink.
Your flesh is vulnerable to fire.
Your flesh is cold resistant.
You are immune to negative energy.
Your system is resistant to poisons.
You are immune to unholy pain and torment.
You can survive without breathing.


Message History

An orc priest comes into view. It is wielding a mace.
The orc priest shouts!
Found 19 gold pieces.
Found a stone staircase leading up.
There is a stone staircase leading up here.
An orc priest is nearby!
An orc priest is nearby!
Found 17 bolts.
There is a stone staircase leading up here.
Casting: Infusion
Confirm with . or Enter, or press ? or * to list all spells.
You begin infusing your attacks with magical energy.
The orc priest calls down the wrath of Beogh upon you.
Something smites you!
Ouch! That really hurt!
A hobgoblin comes into view.
Unknown command.
The hobgoblin shouts!
The orc priest calls down the wrath of Beogh upon you.
Something smites you!
You die...

(..# #...# #...#
#...# #...#
######...#######
................
.go..$.........P..
.........@.....≈≈≈
#.###.#....##$≈≈≈≈
#....# ≈ #....#
#....# .....#
......# .....##
##<#


You could see an orc priest and a hobgoblin.

Vanquished Creatures
  An adder (D:2)
  5 giant geckos
  3 hobgoblins
  4 jackals (D:1)
  2 quokkas
  A ball python (D:2)
  7 bats
  4 giant newts
  4 goblins
  9 kobolds
  4 rats
44 creatures vanquished.

Notes
Turn   | Place    | Note
--------------------------------------------------------------
     0 | D:1      | Alarkh, the Mummy Skald, began the quest for the Orb.
     0 | D:1      | Reached XP level 1. HP: 16/16 MP: 3/3
   235 | D:2      | Reached XP level 2. HP: 17/22 MP: 4/4
   285 | D:2      | Learned a level 2 spell: Shroud of Golubria
   773 | D:2      | Reached XP level 3. HP: 19/27 MP: 6/6
  1071 | D:1      | Reached skill level 3 in Polearms
  1946 | D:2      | Found an opulent altar of Gozag.
  2058 | D:3      | Killed from afar by an orc priest

Action                   || total
-------------------------++-------
Melee: Spear             ||   186
 Cast: Infusion          ||     4
